 Dungeon Crawl Stone Soup version 0.26-a0-37-g50178cf (webtiles) character file.

Game seed: 4379039029346870817, levelgen mode: deterministic

2 AtlasWard the Skirmisher (level 1, -1/19 HPs)
             Began as a Ghoul Monk on May 30, 2020.
             Slain by a gnoll
             ... wielding a +0 spear
              (5 damage)
             ... on level 1 of the Dungeon.
             The game lasted 00:00:29 (190 turns).

AtlasWard the Skirmisher (Ghoul Monk)                Turns: 190, Time: 00:00:30

Health: -1/19      AC:  2    Str: 14    XL:     1   Next: 40%
Magic:  0/0        EV: 12    Int:  5    God:
Gold:   41         SH:  0    Dex: 11    Spells: 0/0 levels left

rFire    . . .     SeeInvis +   a - +0 short sword
rCold    + . .     Gourm    .   (no shield)
rNeg     + + +     Faith    .   b - +0 robe
rPois    ∞         Spirit   .   (no helmet)
rElec    .         Reflect  .   (no cloak)
rCorr    .         Harm     .   (no gloves)
MR       .....                  (no boots)
Stlth    ++........             (no amulet)
HPRegen  0.00/turn              e - ring of see invisible
MPRegen  0.07/turn              (no ring)

@: rotting
A: rotting body, claws 1, carnivore, cold resistance 1, negative energy
resistance 3, inhibited regeneration, torment resistance, unbreathing
a: no special abilities


You were on level 1 of the Dungeon.
You were not hungry.

You visited 1 branch of the dungeon, and saw 1 of its levels.

You collected 41 gold pieces.

Inventory:

Hand Weapons
 a - a +0 short sword (weapon)
Armour
 b - a +0 robe (worn)
Jewellery
 e - a ring of see invisible (left claw)
Scrolls
 d - a scroll of fog {unknown}
 g - a scroll of noise {unknown}
Comestibles
 c - 2 rations
 f - 2 chunks of flesh


   Skills:
 + Level 3.3 Fighting
 * Level 2.8 Short Blades
 - Level 2.6 Dodging
 - Level 2.1 Stealth


You couldn't memorise any spells.
You didn't know any spells.
Your spell library was empty.

Dungeon Overview and Level Annotations

Branches:
Dungeon (1/15)

Altars:


Innate Abilities, Weirdness & Mutations

Your body is rotting away.
You thrive on raw meat.
You are immune to poison.
You have sharp fingernails.
You are carnivorous and can eat meat at any time.
Your flesh is cold resistant. (rC+)
You are immune to negative energy. (rN+++)
You do not regenerate when monsters are visible.
You are immune to unholy pain and torment.
You can survive without breathing.


Message History

Found 23 sling bullets.
g - a scroll labeled REL COPEAPT
e - a ring of see invisible (left claw)
Found a leather armour.
You see here 23 sling bullets.
A gnoll comes into view. It is wielding a +0 spear.
A gnoll is nearby!
A gnoll is nearby!
A gnoll is nearby!
You see here 23 sling bullets.
Eat one of 2 chunks of flesh? (ye/n/q)
Okay, then.
The gnoll hits you from afar with a +0 spear.
The gnoll barely misses you.
You barely miss the gnoll. The gnoll hits you with a +0 spear!
* * * LOW HITPOINT WARNING * * *
You hit the gnoll.
The gnoll is moderately wounded.
The gnoll hits you with a +0 spear.
You die...

....#######.......###.. # ...
.###÷....(.###......##.##.#....
#.............###...)#..#[.....
....#######......#...##........
.(### ###.....#...#...?.... .##
##..).#...(........ .#
##....#...#........ ..#
###.....#...#g....... ....
#.....@#...##........ #...
.......###g...#......... ###.
....###......##......... .. ##
### ......### ......... #.
...##### ....... ##


You could see a gnoll.

Vanquished Creatures
  A ball python (D:1)
  2 kobolds (D:1)
3 creatures vanquished.

Notes
Turn   | Place    | Note
-------+----------+-------------------------------------------
     0 | D:1      | AtlasWard the Ghoul Monk began the quest for the Orb.
     0 | D:1      | Reached XP level 1. HP: 19/19 MP: 0/0
   190 | D:1      | Slain by a gnoll

Illustrated notes

Levels and vault maps discovered:
D:1:      dpeg_arrival_oval, layout_rooms

Action                   || total
-------------------------++-------
Melee: Short sword       ||     8
Dodge: Dodged            ||    12

Table legend:
 A = Non-vault XP
 B = Vault XP
 C = Vault XP percentage of total XP
 D = Non-vault monster count
 E = Vault monster count
 F = Vault count percentage of total count
                 A         B        C        D         E       F
            +---------+---------+-------+---------+---------+-------
      Total |       4 |       0 |   0.0 |       3 |       0 |   0.0
            +---------+---------+-------+---------+---------+-------
        D:1 |       4 |       0 |   0.0 |       3 |       0 |   0.0
            +---------+---------+-------+---------+---------+-------
